AoeStats
← eriki

Arabia

507979797Analyzed
2v2 RM · 13d ago on Sep 20, 2026· 31m 6s· 4 players
Game mode
Random Map
Map size
Medium (4 player)
Population
200
Speed
Normal
Resources
Standard
Victory
Conquest
Starting age
Dark Age
Ending age
Imperial Age
RankedLock teamsTeams togetherTeam positionsShared explorationLock speedFull tech treeHidden civsTurbo modeCheats
Victory
Defeat
🇨🇳 Britons · China
1069
+10
🇨🇳 Burgundians · China
749
+24
🇹🇷 Vietnamese · Türkiye
936
-17
🇹🇷 Romans · Türkiye
921
-17
wujiang
6:54 Loom
9:23 Feudal Age
9:27 Man-at-Arms
13:33 Double-Bit Axe
14:17 Fletching
16:33 Padded Archer Armor
28:59 Castle Age
29:32 Wheelbarrow
28:40 Horse Collar
28:52 Gold Mining
29:15 Crossbowman
29:59 Bodkin Arrow
30:20 Leather Archer Armor
OmO
13:40 Feudal Age
11:56 Loom
13:57 Double-Bit Axe
14:48 Bow Saw
14:21 Horse Collar
14:32 Arson
19:44 Wheelbarrow
21:13 Scale Mail Armor
21:26 Forging
26:48 Castle Age
25:23 Fletching
27:17 Stone Mining
27:27 Elite Skirmisher
28:16 Squires
29:47 Town Watch
King of Cengel
10:27 Feudal Age
eriki
10:33 Feudal Age
10:06 Loom
21:01 Castle Age
18:54 Man-at-Arms
20:08 Double-Bit Axe
20:22 Stone Mining
20:38 Horse Collar
21:43 Gold Mining
21:57 Elite Skirmisher
28:20 Husbandry
28:30 Bloodlines
29:07 Long Swordsman
30:03 Scale Mail Armor
Connection lost

Rejoining the realm…

Still unreachable

The connection could not be restored.

Session expired

The server has moved on; the page needs a fresh start.